[ AOE2 MATCH · #494017036 ]
UnrankedMaya vs Bohemians
[ REPLAY ANALYSIS · EXTRACTED FROM THE RECORDED GAME ]
Feudal
14:30
Castle
18:51
Imperial
38:10
| APM avg | 32.5 |
| APM peak | 81 |
| eAPM avg | 19.1 |
| Villagers / military | 201 / 41 |
Focus
⚔️ 27.6% · 🌾 72.4%
Eagle Scout ×38 · Mangonel ×3
Feudal
12:27
Castle
16:02
Imperial
29:02
| APM avg | 50.7 |
| APM peak | 109 |
| eAPM avg | 26.2 |
| Villagers / military | 153 / 152 |
Focus
⚔️ 33.2% · 🌾 66.8%
Spearman ×140 · Bombard Cannon ×8 · Monk ×2 · Mangonel ×2
Feudal
11:48
Castle
16:13
Imperial
30:35
| APM avg | 49.7 |
| APM peak | 99 |
| eAPM avg | 26.3 |
| Villagers / military | 150 / 128 |
Focus
⚔️ 17.9% · 🌾 82.1%
Knight ×124 · Monk ×3 · Mangonel ×1
Feudal
10:55
Castle
14:28
Imperial
28:34
| APM avg | 45.1 |
| APM peak | 87 |
| eAPM avg | 30.2 |
| Villagers / military | 262 / 55 |
Focus
⚔️ 33.4% · 🌾 66.6%
Mangonel ×34 · Mangudai ×14 · Trebuchet (Packed) ×5 · Monk ×2
Feudal
10:48
Castle
14:03
Imperial
30:03
| APM avg | 35.6 |
| APM peak | 77 |
| eAPM avg | 25.3 |
| Villagers / military | 190 / 99 |
Focus
⚔️ 25.9% · 🌾 74.1%
War Elephant ×95 · Trade Cart ×7 · Trebuchet (Packed) ×3 · Monk ×1
Feudal
14:51
Castle
18:21
Imperial
31:13
| APM avg | 31.2 |
| APM peak | 83 |
| eAPM avg | 19.9 |
| Villagers / military | 114 / 41 |
Focus
⚔️ 46.0% · 🌾 54.0%
Longbowman ×40 · Mangonel ×1
Feudal
10:31
Castle
15:42
Imperial
31:29
| APM avg | 22.5 |
| APM peak | 80 |
| eAPM avg | 17.0 |
| Villagers / military | 102 / 76 |
Focus
⚔️ 48.7% · 🌾 51.3%
Spearman ×42 · Knight ×12 · Throwing Axeman ×9 · Scout Cavalry ×8 · Mangonel ×3 · Battering Ram ×1
Feudal
12:34
Castle
16:50
Imperial
31:45
| APM avg | 43.3 |
| APM peak | 74 |
| eAPM avg | 23.4 |
| Villagers / military | 168 / 72 |
Focus
⚔️ 29.0% · 🌾 71.0%
Hand Cannoneer ×71 · Monk ×1
Match map
Initial resources + every placement click. Lines = walls · curves = elevation contours. ◆ gold · ⬟ stone · ● berries · ✦ relic · ◌ wall gap
Your base· ✓ Closed at 18:51 · 0t walls · fragile
[SotC] PerezPodrido's base· ✓ Closed at 16:02 · 0t walls · fragile
小三輪司機's base· ✓ Closed at 16:13 · 14t walls · fragile
Gimli The Dwarf's base· ✓ Closed at 14:28 · 10t walls · fragile
enzoyin68's base· ✓ Closed at 14:03 · 0t walls · fragile
GroomingJewel84's base· ✓ Closed at 18:21 · 23t walls · fragile
Dadagama's base· ✓ Closed at 15:42 · 18t walls · fragile
Gloriosa's base· ✓ Closed at 16:50 · 53t walls · 1 gate(s) · fragile
Smoothed initial terrain · ◌ = detected wall gap · hover for details
Inputs per minute
— EL MAYA - - [SotC] PerezPodrido
Build order — EL MAYA
First 150 of 341 actions detected
| 0:03 | Research | Loom |
| 0:07 | Create | Villager (Male) |
| 0:07 | Create | Villager (Male) |
| 0:08 | Create | Villager (Male) |
| 0:14 | Build | House |
| 2:44 | Create | Villager (Male) |
| 2:44 | Create | Villager (Male) |
| 3:44 | Create | Villager (Male) |
| 4:22 | Create | Villager (Male) |
| 4:48 | Build | House |
| 5:14 | Create | Villager (Male) |
| 5:31 | Create | Villager (Male) |
| 5:53 | Create | Villager (Male) |
| 6:19 | Create | Villager (Male) |
| 6:54 | Create | Villager (Male) |
| 6:54 | Create | Villager (Male) |
| 6:54 | Create | Villager (Male) |
| 7:10 | Build | House |
| 7:11 | Build | House |
| 7:13 | Create | Villager (Male) |
| 7:51 | Create | Villager (Male) |
| 7:51 | Create | Villager (Male) |
| 7:52 | Create | Villager (Male) |
| 8:09 | Build | House |
| 8:51 | Build | Lumber Camp |
| 8:54 | Create | Villager (Male) |
| 8:55 | Create | Villager (Male) |
| 8:55 | Create | Villager (Male) |
| 8:56 | Create | Villager (Male) |
| 9:32 | Create | Villager (Male) |
| 9:52 | Build | Mill |
| 10:11 | Create | Villager (Male) |
| 10:11 | Create | Villager (Male) |
| 10:12 | Create | Villager (Male) |
| 10:19 | Create | Villager (Male) |
| 10:19 | Create | Villager (Male) |
| 10:38 | Create | Villager (Male) |
| 11:29 | Build | Mining Camp |
| 11:32 | Create | Villager (Male) |
| 12:11 | Research | Feudal Age |
| 13:50 | Create | Villager (Male) |
| 13:50 | Create | Villager (Male) |
| 14:00 | Build | Mill |
| 14:30 | Age | Feudal Age |
| 14:45 | Build | Market |
| 14:53 | Build | Blacksmith |
| 15:08 | Create | Villager (Male) |
| 15:21 | Build | House |
| 15:39 | Create | Villager (Male) |
| 16:11 | Research | Castle Age |
| 16:32 | Research | Double-Bit Axe |
| 17:16 | Research | Horse Collar |
| 17:30 | Create | Villager (Male) |
| 17:31 | Create | Villager (Male) |
| 17:31 | Create | Villager (Male) |
| 17:31 | Create | Villager (Male) |
| 17:31 | Create | Villager (Male) |
| 18:21 | Create | Villager (Male) |
| 18:21 | Create | Villager (Male) |
| 18:51 | Age | Castle Age |
| 18:57 | Build | Town Center |
| 18:57 | Create | Villager (Male) |
| 18:58 | Create | Villager (Male) |
| 18:58 | Create | Villager (Male) |
| 18:58 | Create | Villager (Male) |
| 18:59 | Create | Villager (Male) |
| 18:59 | Create | Villager (Male) |
| 18:59 | Create | Villager (Male) |
| 19:25 | Build | Stone Wall |
| 19:34 | Build | Stone Wall |
| 19:51 | Build | Stone Wall |
| 20:00 | Build | Stone Wall |
| 20:01 | Create | Villager (Male) |
| 20:01 | Create | Villager (Male) |
| 20:29 | Research | Bow Saw |
| 20:32 | Create | Villager (Male) |
| 20:43 | Create | Villager (Male) |
| 20:51 | Create | Villager (Male) |
| 20:54 | Create | Villager (Male) |
| 20:55 | Create | Villager (Male) |
| 20:56 | Create | Villager (Male) |
| 20:56 | Create | Villager (Male) |
| 20:56 | Create | Villager (Male) |
| 20:56 | Create | Villager (Male) |
| 21:25 | Build | Siege Workshop |
| 21:28 | Create | Villager (Male) |
| 21:29 | Create | Villager (Male) |
| 21:29 | Create | Villager (Male) |
| 21:37 | Create | Villager (Male) |
| 21:55 | Build | Farm |
| 22:03 | Create | Mangonel |
| 22:07 | Build | Farm |
| 22:07 | Build | Farm |
| 22:25 | Build | House |
| 22:28 | Build | House |
| 22:40 | Build | Farm |
| 22:42 | Build | Farm |
| 22:42 | Build | Farm |
| 22:43 | Build | Farm |
| 22:50 | Create | Mangonel |
| 22:50 | Create | Mangonel |
| 22:56 | Create | Villager (Male) |
| 22:56 | Create | Villager (Male) |
| 23:05 | Build | House |
| 23:06 | Build | House |
| 23:07 | Build | House |
| 23:32 | Build | Farm |
| 23:36 | Build | Farm |
| 23:36 | Build | Farm |
| 23:39 | Build | Farm |
| 23:41 | Build | Farm |
| 23:51 | Create | Villager (Male) |
| 23:54 | Build | House |
| 23:55 | Build | House |
| 23:57 | Build | House |
| 24:08 | Build | House |
| 24:09 | Build | House |
| 24:10 | Build | House |
| 24:20 | Build | Farm |
| 24:21 | Build | Farm |
| 24:24 | Build | Farm |
| 24:25 | Create | Villager (Male) |
| 24:26 | Create | Villager (Male) |
| 24:26 | Create | Villager (Male) |
| 24:48 | Build | Castle |
| 24:49 | Create | Villager (Male) |
| 25:01 | Build | Farm |
| 25:01 | Build | Farm |
| 25:12 | Create | Villager (Male) |
| 25:12 | Create | Villager (Male) |
| 25:15 | Create | Villager (Male) |
| 25:20 | Create | Villager (Male) |
| 25:48 | Build | Town Center |
| 25:52 | Create | Villager (Male) |
| 25:52 | Create | Villager (Male) |
| 25:54 | Create | Villager (Male) |
| 25:58 | Build | Farm |
| 27:13 | Build | Stone Wall |
| 27:29 | Build | Farm |
| 27:42 | Build | Farm |
| 27:44 | Build | Farm |
| 27:51 | Build | Farm |
| 27:51 | Build | Farm |
| 27:57 | Build | Farm |
| 28:01 | Build | Farm |
| 28:01 | Build | Farm |
| 28:06 | Build | Farm |
| 28:13 | Build | Market |
| 28:39 | Create | Villager (Male) |
| 28:40 | Create | Villager (Male) |
Build order — [SotC] PerezPodrido
First 150 of 483 actions detected
| 0:05 | Create | Villager (Male) |
| 0:05 | Create | Villager (Male) |
| 0:06 | Build | House |
| 0:06 | Create | Villager (Male) |
| 0:07 | Build | House |
| 0:07 | Create | Villager (Male) |
| 1:29 | Create | Villager (Male) |
| 1:52 | Build | Lumber Camp |
| 2:04 | Create | Villager (Male) |
| 2:04 | Create | Villager (Male) |
| 2:24 | Create | Villager (Male) |
| 2:50 | Create | Villager (Male) |
| 3:07 | Create | Villager (Male) |
| 3:40 | Create | Villager (Male) |
| 3:41 | Create | Villager (Male) |
| 3:53 | Build | House |
| 4:02 | Create | Villager (Male) |
| 4:14 | Create | Villager (Male) |
| 4:43 | Create | Villager (Male) ×2 |
| 4:57 | Build | Mill |
| 5:03 | Create | Villager (Male) |
| 5:50 | Create | Villager (Male) |
| 6:16 | Create | Villager (Male) |
| 6:40 | Research | Loom |
| 6:42 | Build | House |
| 7:22 | Create | Villager (Male) |
| 7:37 | Create | Villager (Male) |
| 7:44 | Build | House |
| 7:44 | Create | Villager (Male) |
| 7:52 | Build | Mill |
| 8:26 | Create | Villager (Male) |
| 8:52 | Create | Villager (Male) |
| 9:03 | Build | Farm |
| 9:08 | Build | Farm |
| 9:19 | Create | Villager (Male) |
| 9:33 | Create | Villager (Male) |
| 10:04 | Create | Villager (Male) |
| 10:16 | Research | Feudal Age |
| 10:20 | Build | Mining Camp |
| 11:13 | Build | House |
| 12:01 | Create | Villager (Male) |
| 12:27 | Age | Feudal Age |
| 12:30 | Build | Market |
| 12:35 | Build | Blacksmith |
| 12:39 | Research | Double-Bit Axe |
| 12:40 | Create | Villager (Male) |
| 13:22 | Research | Castle Age |
| 13:25 | Research | Horse Collar |
| 13:25 | Research | Horse Collar |
| 13:45 | Create | Villager (Male) |
| 14:56 | Build | Farm |
| 16:02 | Age | Castle Age |
| 16:03 | Build | Siege Workshop |
| 16:07 | Build | Monastery |
| 16:11 | Build | Town Center |
| 16:13 | Build | Town Center |
| 16:14 | Research | Bow Saw |
| 16:21 | Build | Farm |
| 16:26 | Create | Villager (Male) |
| 16:47 | Create | Mangonel |
| 16:59 | Create | Villager (Male) |
| 17:03 | Build | House |
| 17:10 | Create | Villager (Male) |
| 17:12 | Build | Farm |
| 17:26 | Create | Villager (Male) |
| 17:30 | Create | Villager (Male) |
| 17:34 | Create | Villager (Male) |
| 17:43 | Create | Villager (Male) |
| 17:45 | Build | Farm |
| 17:47 | Build | Farm |
| 17:48 | Create | Villager (Male) |
| 17:53 | Create | Villager (Male) |
| 17:57 | Create | Villager (Male) |
| 18:06 | Build | Farm |
| 18:12 | Build | Farm |
| 18:13 | Build | Farm |
| 18:20 | Create | Villager (Male) |
| 18:23 | Research | Fervor |
| 18:28 | Create | Villager (Male) |
| 18:28 | Create | Villager (Male) |
| 18:38 | Research | Wheelbarrow |
| 18:45 | Create | Villager (Male) |
| 18:49 | Create | Villager (Male) |
| 18:53 | Build | Lumber Camp |
| 19:00 | Create | Villager (Male) |
| 19:08 | Create | Villager (Male) |
| 19:10 | Build | Farm |
| 19:13 | Build | Farm |
| 19:14 | Build | Farm |
| 19:18 | Build | Farm |
| 19:22 | Create | Villager (Male) |
| 19:31 | Build | Farm |
| 19:41 | Build | House |
| 19:42 | Build | House |
| 19:56 | Create | Villager (Male) |
| 19:56 | Create | Villager (Male) |
| 20:01 | Build | Farm |
| 20:02 | Build | Farm |
| 20:06 | Create | Villager (Male) |
| 20:12 | Build | Farm |
| 20:12 | Build | Farm |
| 20:12 | Build | Farm |
| 20:12 | Build | Farm |
| 20:18 | Create | Villager (Male) |
| 20:21 | Build | House |
| 20:22 | Create | Monk |
| 20:28 | Create | Villager (Male) |
| 20:39 | Create | Villager (Male) |
| 20:46 | Build | Mill |
| 20:47 | Build | Farm |
| 20:47 | Build | Farm |
| 20:47 | Build | Farm |
| 20:47 | Build | Farm |
| 20:47 | Build | Farm |
| 20:49 | Create | Villager (Male) |
| 20:50 | Create | Villager (Male) |
| 20:52 | Build | House |
| 20:53 | Build | House |
| 21:01 | Build | Farm |
| 21:01 | Create | Villager (Male) |
| 21:04 | Build | Farm |
| 21:11 | Build | Farm |
| 21:12 | Create | Villager (Male) |
| 21:24 | Create | Villager (Male) |
| 21:32 | Create | Villager (Male) |
| 21:35 | Create | Villager (Male) |
| 21:36 | Create | Villager (Male) |
| 21:43 | Research | Heavy Plow |
| 21:43 | Research | Heavy Plow |
| 21:48 | Create | Villager (Male) |
| 21:52 | Create | Villager (Male) |
| 21:54 | Create | Monk |
| 21:59 | Create | Villager (Male) |
| 22:03 | Create | Villager (Male) |
| 22:05 | Build | House |
| 22:05 | Build | House |
| 22:06 | Build | House |
| 22:11 | Build | Town Center |
| 22:17 | Create | Villager (Male) |
| 22:17 | Create | Villager (Male) |
| 22:22 | Create | Villager (Male) |
| 22:28 | Create | Villager (Male) |
| 22:31 | Create | Villager (Male) |
| 22:38 | Build | Mill |
| 22:39 | Build | Farm |
| 22:39 | Build | Farm |
| 22:39 | Build | Farm |
| 22:39 | Build | Farm |
| 22:39 | Build | Farm |
| 22:41 | Create | Villager (Male) |
Build order — 小三輪司機
First 150 of 369 actions detected
| 0:00 | Create | Villager (Male) |
| 0:01 | Create | Villager (Male) |
| 0:02 | Build | House |
| 0:04 | Build | House |
| 0:36 | Create | Villager (Male) |
| 0:50 | Research | Loom |
| 0:50 | Research | Loom |
| 0:54 | Create | Villager (Male) |
| 0:54 | Create | Villager (Male) |
| 0:55 | Create | Villager (Male) |
| 0:55 | Create | Villager (Male) |
| 1:42 | Create | Villager (Male) |
| 1:42 | Create | Villager (Male) |
| 3:15 | Create | Villager (Male) |
| 3:15 | Create | Villager (Male) |
| 3:43 | Build | Lumber Camp |
| 3:54 | Create | Villager (Male) |
| 3:54 | Create | Villager (Male) |
| 3:58 | Build | House |
| 4:05 | Create | Villager (Male) |
| 4:05 | Create | Villager (Male) |
| 4:05 | Create | Villager (Male) |
| 4:34 | Build | House |
| 4:55 | Create | Villager (Male) |
| 4:55 | Create | Villager (Male) |
| 5:24 | Create | Villager (Male) |
| 5:37 | Create | Villager (Male) |
| 6:15 | Build | Mill |
| 6:43 | Build | House |
| 7:31 | Create | Villager (Male) |
| 8:04 | Create | Villager (Male) |
| 8:12 | Build | Palisade Wall |
| 8:15 | Build | Palisade Wall |
| 8:22 | Build | Palisade Wall |
| 8:24 | Create | Villager (Male) |
| 8:29 | Build | House |
| 8:51 | Build | Mining Camp |
| 9:13 | Create | Villager (Male) |
| 9:14 | Research | Feudal Age |
| 11:45 | Create | Villager (Male) |
| 11:48 | Age | Feudal Age |
| 11:51 | Build | Blacksmith |
| 11:54 | Build | Market |
| 11:57 | Create | Villager (Male) |
| 12:31 | Create | Villager (Male) |
| 13:08 | Create | Villager (Male) |
| 13:31 | Research | Castle Age |
| 13:49 | Research | Double-Bit Axe |
| 13:49 | Research | Double-Bit Axe |
| 13:58 | Build | House |
| 13:59 | Build | House |
| 14:49 | Research | Horse Collar |
| 14:50 | Research | Horse Collar |
| 14:56 | Build | Farm |
| 14:57 | Build | Farm |
| 15:32 | Build | Farm |
| 16:03 | Create | Villager (Male) |
| 16:13 | Age | Castle Age |
| 16:17 | Build | Town Center |
| 16:19 | Create | Villager (Male) |
| 16:40 | Build | Monastery |
| 16:46 | Build | Farm |
| 16:48 | Build | Farm |
| 16:49 | Build | Farm |
| 16:50 | Build | Farm |
| 16:53 | Research | Bow Saw |
| 16:53 | Research | Bow Saw |
| 16:56 | Create | Villager (Male) |
| 17:20 | Create | Villager (Male) |
| 17:30 | Create | Villager (Male) |
| 17:31 | Create | Villager (Male) |
| 17:34 | Create | Villager (Male) |
| 17:38 | Create | Villager (Male) |
| 17:47 | Build | Town Center |
| 17:48 | Create | Monk |
| 17:57 | Create | Villager (Male) |
| 18:06 | Build | House |
| 18:07 | Build | House |
| 18:07 | Build | House |
| 18:15 | Create | Villager (Male) |
| 18:25 | Create | Villager (Male) |
| 18:32 | Create | Villager (Male) |
| 18:36 | Create | Villager (Male) |
| 18:52 | Create | Villager (Male) |
| 18:57 | Create | Monk |
| 19:03 | Create | Villager (Male) |
| 19:05 | Create | Villager (Male) |
| 19:10 | Create | Villager (Male) |
| 19:18 | Build | Town Center |
| 19:21 | Create | Villager (Male) |
| 19:26 | Create | Villager (Male) |
| 19:30 | Create | Villager (Male) |
| 19:49 | Create | Villager (Male) |
| 19:54 | Build | Stone Wall |
| 19:59 | Create | Villager (Male) |
| 20:02 | Create | Villager (Male) |
| 20:15 | Build | Farm |
| 20:17 | Build | Farm |
| 20:18 | Build | Farm |
| 20:19 | Create | Villager (Male) |
| 20:21 | Create | Villager (Male) |
| 20:24 | Create | Monk |
| 20:27 | Create | Villager (Male) |
| 20:28 | Create | Villager (Male) |
| 20:32 | Build | Farm |
| 20:32 | Build | Farm |
| 20:33 | Create | Villager (Male) |
| 20:33 | Create | Villager (Male) |
| 20:34 | Create | Villager (Male) |
| 20:36 | Build | House |
| 20:37 | Build | House |
| 20:38 | Build | House |
| 20:48 | Build | Farm |
| 20:54 | Create | Villager (Male) |
| 20:55 | Build | Farm |
| 21:03 | Build | Farm |
| 21:05 | Build | Farm |
| 21:06 | Create | Villager (Male) |
| 21:22 | Build | Farm |
| 21:25 | Create | Villager (Male) |
| 21:27 | Build | Farm |
| 21:29 | Build | Farm |
| 21:35 | Create | Villager (Male) |
| 21:44 | Create | Villager (Male) |
| 21:44 | Create | Villager (Male) |
| 21:51 | Build | Farm |
| 21:51 | Build | Farm |
| 21:53 | Create | Villager (Male) |
| 21:53 | Create | Villager (Male) |
| 21:55 | Build | Farm |
| 22:03 | Create | Villager (Male) |
| 22:08 | Build | Farm |
| 22:10 | Create | Villager (Male) |
| 22:10 | Create | Villager (Male) |
| 22:13 | Build | Farm |
| 22:17 | Research | Wheelbarrow |
| 22:17 | Research | Wheelbarrow |
| 22:19 | Create | Villager (Male) |
| 22:20 | Create | Villager (Male) |
| 22:21 | Build | Farm |
| 22:25 | Create | Villager (Male) |
| 22:36 | Create | Villager (Male) |
| 22:38 | Build | Lumber Camp |
| 22:39 | Create | Villager (Male) |
| 22:59 | Create | Villager (Male) |
| 22:59 | Create | Villager (Male) |
| 23:00 | Create | Villager (Male) |
| 23:00 | Create | Villager (Male) |
| 23:04 | Build | House |
| 23:04 | Build | House |
Build order — Gimli The Dwarf
First 150 of 470 actions detected
| 0:01 | Create | Villager (Male) |
| 0:01 | Create | Villager (Male) |
| 0:03 | Build | House |
| 0:04 | Build | House |
| 0:07 | Create | Villager (Male) |
| 0:07 | Create | Villager (Male) |
| 0:08 | Create | Villager (Male) |
| 1:18 | Create | Villager (Male) |
| 1:43 | Build | Lumber Camp |
| 1:56 | Create | Villager (Male) |
| 1:56 | Create | Villager (Male) |
| 2:08 | Create | Villager (Male) |
| 3:07 | Create | Villager (Male) |
| 3:07 | Create | Villager (Male) |
| 3:18 | Create | Villager (Male) |
| 3:18 | Create | Villager (Male) |
| 3:31 | Create | Villager (Male) |
| 3:31 | Create | Villager (Male) |
| 3:54 | Create | Villager (Male) |
| 3:54 | Create | Villager (Male) |
| 3:56 | Create | Villager (Male) |
| 3:57 | Create | Villager (Male) |
| 4:17 | Create | Villager (Male) |
| 4:26 | Build | House |
| 4:34 | Create | Villager (Male) |
| 4:53 | Build | House |
| 5:03 | Build | Mill |
| 6:01 | Create | Villager (Male) |
| 6:08 | Create | Villager (Male) |
| 6:18 | Build | Palisade Wall |
| 6:33 | Build | Palisade Wall |
| 6:38 | Create | Villager (Male) |
| 6:44 | Build | Palisade Wall |
| 6:51 | Build | Palisade Wall |
| 6:55 | Create | Villager (Male) |
| 7:40 | Create | Villager (Male) |
| 7:43 | Build | Mill |
| 8:19 | Create | Villager (Male) |
| 8:20 | Create | Villager (Male) |
| 8:36 | Build | Farm |
| 8:45 | Research | Feudal Age |
| 8:45 | Research | Feudal Age |
| 9:13 | Create | Villager (Male) |
| 9:17 | Build | Mining Camp |
| 9:43 | Build | Palisade Wall |
| 9:46 | Build | Palisade Wall |
| 9:51 | Build | Palisade Wall |
| 9:53 | Build | Palisade Wall |
| 9:56 | Create | Villager (Male) |
| 9:58 | Build | Palisade Wall |
| 10:08 | Build | Palisade Wall |
| 10:55 | Age | Feudal Age |
| 10:59 | Build | Market |
| 11:04 | Build | Blacksmith |
| 11:10 | Research | Double-Bit Axe |
| 11:11 | Research | Double-Bit Axe |
| 11:42 | Research | Horse Collar |
| 11:48 | Research | Castle Age |
| 11:49 | Research | Castle Age |
| 12:25 | Build | Farm |
| 12:27 | Build | Farm |
| 12:32 | Build | Farm |
| 12:33 | Create | Villager (Male) |
| 12:55 | Build | House |
| 12:56 | Build | House |
| 13:06 | Create | Villager (Male) |
| 14:28 | Age | Castle Age |
| 14:30 | Build | Town Center |
| 14:30 | Research | Bow Saw |
| 14:31 | Research | Bow Saw |
| 14:35 | Create | Villager (Male) |
| 15:02 | Build | Town Center |
| 15:03 | Create | Villager (Male) |
| 15:41 | Create | Villager (Male) |
| 15:41 | Create | Villager (Male) |
| 15:49 | Build | Farm |
| 15:50 | Create | Villager (Male) |
| 15:57 | Build | Farm |
| 16:04 | Create | Villager (Male) |
| 16:04 | Create | Villager (Male) |
| 16:11 | Create | Villager (Male) |
| 16:11 | Create | Villager (Male) |
| 16:11 | Create | Villager (Male) |
| 16:13 | Build | Farm |
| 16:17 | Build | Farm |
| 16:21 | Create | Villager (Male) |
| 16:22 | Create | Villager (Male) |
| 16:44 | Build | Monastery |
| 16:47 | Create | Villager (Male) |
| 16:51 | Build | Farm |
| 16:53 | Create | Villager (Male) |
| 16:55 | Build | Farm |
| 16:57 | Build | Farm |
| 16:59 | Build | Farm |
| 17:02 | Create | Villager (Male) |
| 17:03 | Create | Villager (Male) ×2 |
| 17:03 | Create | Villager (Male) ×2 |
| 17:14 | Build | Farm |
| 17:18 | Build | Farm |
| 17:21 | Create | Villager (Male) |
| 17:28 | Create | Monk |
| 17:39 | Create | Villager (Male) |
| 17:39 | Create | Villager (Male) |
| 17:42 | Create | Villager (Male) |
| 17:42 | Create | Villager (Male) |
| 17:54 | Build | Town Center |
| 17:58 | Build | House |
| 18:04 | Research | Wheelbarrow |
| 18:04 | Research | Wheelbarrow |
| 18:05 | Create | Villager (Male) |
| 18:05 | Create | Villager (Male) |
| 18:22 | Create | Villager (Male) ×2 |
| 18:22 | Create | Villager (Male) ×2 |
| 18:25 | Build | House |
| 18:33 | Create | Villager (Male) |
| 18:42 | Build | Farm |
| 18:43 | Create | Villager (Male) |
| 18:48 | Build | Farm |
| 18:52 | Build | Farm |
| 18:55 | Create | Villager (Male) |
| 19:03 | Create | Villager (Male) |
| 19:07 | Create | Villager (Male) |
| 19:07 | Create | Villager (Male) |
| 19:23 | Research | Hand Cart |
| 19:23 | Research | Hand Cart |
| 19:26 | Create | Villager (Male) |
| 19:26 | Create | Villager (Male) |
| 19:30 | Build | Farm |
| 19:32 | Build | Farm |
| 19:33 | Build | Farm |
| 19:37 | Build | Farm |
| 19:39 | Create | Villager (Male) |
| 19:40 | Create | Villager (Male) |
| 19:47 | Build | Farm |
| 19:48 | Build | Farm |
| 19:50 | Build | Farm |
| 19:53 | Create | Villager (Male) |
| 19:54 | Create | Villager (Male) |
| 19:55 | Create | Villager (Male) |
| 19:59 | Create | Villager (Male) |
| 20:00 | Create | Villager (Male) |
| 20:01 | Create | Villager (Male) |
| 20:15 | Create | Villager (Male) |
| 20:22 | Build | House |
| 20:25 | Create | Villager (Male) |
| 20:34 | Build | Farm |
| 20:38 | Create | Villager (Male) |
| 20:41 | Create | Villager (Male) |
| 20:41 | Create | Villager (Male) |
| 20:41 | Create | Villager (Male) |
Build order — enzoyin68
First 150 of 491 actions detected
| 0:00 | Create | Villager (Male) |
| 0:01 | Create | Villager (Male) |
| 0:02 | Build | House |
| 0:03 | Build | House |
| 0:11 | Create | Villager (Male) |
| 0:16 | Create | Villager (Male) |
| 0:16 | Create | Villager (Male) |
| 0:17 | Create | Villager (Male) |
| 1:24 | Create | Villager (Male) |
| 1:49 | Build | Lumber Camp |
| 2:01 | Create | Villager (Male) |
| 2:01 | Create | Villager (Male) |
| 2:14 | Create | Villager (Male) |
| 2:47 | Create | Villager (Male) |
| 3:02 | Create | Villager (Male) |
| 3:33 | Create | Villager (Male) |
| 3:38 | Build | House |
| 3:48 | Create | Villager (Male) |
| 3:48 | Create | Villager (Male) |
| 4:05 | Build | Mill |
| 4:15 | Build | Mill |
| 4:23 | Create | Villager (Male) |
| 4:23 | Create | Villager (Male) |
| 5:06 | Build | House |
| 5:09 | Create | Villager (Male) |
| 5:10 | Create | Villager (Male) |
| 5:45 | Create | Villager (Male) |
| 5:45 | Create | Villager (Male) |
| 6:12 | Create | Villager (Male) |
| 6:13 | Create | Villager (Male) |
| 6:14 | Build | House |
| 6:34 | Create | Villager (Male) |
| 6:38 | Create | Villager (Male) |
| 6:38 | Create | Villager (Male) |
| 7:10 | Create | Villager (Male) |
| 7:10 | Create | Villager (Male) |
| 7:10 | Create | Villager (Male) |
| 7:25 | Create | Villager (Male) |
| 7:25 | Create | Villager (Male) |
| 7:46 | Create | Villager (Male) |
| 8:04 | Build | Mining Camp |
| 8:45 | Research | Feudal Age |
| 8:49 | Build | Mill |
| 9:45 | Create | Villager (Male) |
| 9:46 | Create | Villager (Male) |
| 10:48 | Age | Feudal Age |
| 10:50 | Build | Market |
| 10:56 | Build | Blacksmith |
| 11:01 | Research | Double-Bit Axe |
| 11:17 | Build | Lumber Camp |
| 11:38 | Research | Castle Age |
| 11:38 | Research | Castle Age |
| 11:44 | Research | Horse Collar |
| 12:24 | Build | House |
| 12:59 | Create | Villager (Male) |
| 13:00 | Create | Villager (Male) |
| 13:26 | Build | Farm |
| 13:28 | Build | Farm |
| 13:31 | Build | Farm |
| 14:03 | Age | Castle Age |
| 14:07 | Build | Town Center |
| 14:11 | Build | Town Center |
| 14:14 | Research | Bow Saw |
| 14:28 | Build | Farm |
| 14:37 | Build | Farm |
| 14:39 | Build | Farm |
| 14:41 | Create | Villager (Male) |
| 14:52 | Build | Farm |
| 14:54 | Create | Villager (Male) |
| 15:21 | Create | Villager (Male) |
| 15:25 | Build | Farm |
| 15:36 | Build | Farm |
| 15:39 | Build | Farm |
| 15:41 | Create | Villager (Male) |
| 15:44 | Create | Villager (Male) |
| 15:46 | Create | Villager (Male) |
| 15:50 | Build | Farm |
| 15:52 | Build | Farm |
| 15:55 | Build | Farm |
| 15:56 | Create | Villager (Male) |
| 15:56 | Create | Villager (Male) |
| 15:57 | Create | Villager (Male) |
| 16:09 | Build | Farm |
| 16:09 | Create | Villager (Male) |
| 16:12 | Build | Farm |
| 16:13 | Create | Villager (Male) |
| 16:15 | Create | Villager (Male) |
| 16:17 | Create | Villager (Male) |
| 16:21 | Create | Villager (Male) |
| 16:33 | Create | Villager (Male) |
| 16:44 | Build | Farm |
| 16:44 | Create | Villager (Male) |
| 16:47 | Build | Farm |
| 16:48 | Create | Villager (Male) |
| 16:55 | Build | Farm |
| 16:58 | Build | Farm |
| 17:00 | Create | Villager (Male) |
| 17:01 | Build | Farm |
| 17:02 | Create | Villager (Male) |
| 17:13 | Build | House |
| 17:16 | Build | Farm |
| 17:18 | Build | Farm |
| 17:26 | Create | Villager (Male) |
| 17:30 | Research | Heavy Plow |
| 17:30 | Research | Heavy Plow |
| 17:32 | Create | Villager (Male) |
| 17:33 | Create | Villager (Male) |
| 17:40 | Build | House |
| 17:46 | Build | House |
| 17:47 | Build | House |
| 17:47 | Create | Villager (Male) |
| 17:54 | Create | Villager (Male) |
| 17:58 | Build | Farm |
| 18:01 | Create | Villager (Male) |
| 18:06 | Create | Villager (Male) |
| 18:10 | Create | Villager (Male) |
| 18:10 | Create | Villager (Male) |
| 18:24 | Build | Town Center |
| 18:33 | Create | Villager (Male) |
| 18:42 | Create | Villager (Male) |
| 18:43 | Create | Villager (Male) |
| 18:46 | Build | Farm |
| 18:51 | Build | Monastery |
| 18:53 | Build | House |
| 18:54 | Build | House |
| 18:55 | Build | House |
| 18:56 | Build | House |
| 18:57 | Create | Villager (Male) |
| 18:58 | Create | Villager (Male) |
| 19:04 | Create | Villager (Male) |
| 19:07 | Create | Villager (Male) |
| 19:14 | Create | Villager (Male) |
| 19:29 | Build | Monastery |
| 19:31 | Create | Villager (Male) |
| 19:35 | Create | Villager (Male) |
| 19:41 | Create | Villager (Male) |
| 19:48 | Create | Villager (Male) |
| 19:53 | Build | Farm |
| 19:53 | Create | Villager (Male) |
| 19:53 | Create | Villager (Male) |
| 19:58 | Build | Farm |
| 19:58 | Create | Villager (Male) |
| 20:01 | Create | Villager (Male) |
| 20:14 | Build | Town Center |
| 20:14 | Create | Villager (Male) |
| 20:16 | Create | Villager (Male) |
| 20:19 | Build | Farm |
| 20:21 | Build | Farm |
| 20:21 | Build | Farm |
| 20:21 | Build | Farm |
Build order — GroomingJewel84
First 150 of 269 actions detected
| 0:00 | Create | Villager (Male) |
| 0:00 | Create | Villager (Male) |
| 0:01 | Create | Villager (Male) |
| 0:01 | Create | Villager (Male) |
| 0:01 | Create | Villager (Male) |
| 0:02 | Build | House |
| 0:04 | Build | House |
| 0:22 | Research | Loom |
| 0:22 | Create | Villager (Male) |
| 0:23 | Create | Villager (Male) |
| 0:23 | Create | Villager (Male) |
| 2:34 | Build | Palisade Wall |
| 2:35 | Build | Palisade Wall |
| 2:37 | Build | Palisade Wall |
| 3:24 | Build | House |
| 3:31 | Build | Palisade Wall |
| 3:40 | Create | Villager (Male) |
| 3:40 | Create | Villager (Male) |
| 3:51 | Build | Palisade Wall |
| 3:53 | Build | Palisade Wall |
| 3:54 | Build | Palisade Wall |
| 3:55 | Build | Palisade Wall |
| 4:28 | Create | Villager (Male) |
| 4:28 | Create | Villager (Male) |
| 5:07 | Create | Villager (Male) |
| 5:07 | Create | Villager (Male) |
| 5:32 | Create | Villager (Male) |
| 5:32 | Create | Villager (Male) |
| 6:00 | Create | Villager (Male) |
| 6:00 | Create | Villager (Male) |
| 6:15 | Create | Villager (Male) |
| 6:15 | Create | Villager (Male) |
| 6:24 | Build | Lumber Camp |
| 6:50 | Create | Villager (Male) |
| 7:08 | Build | House |
| 7:13 | Create | Villager (Male) |
| 7:13 | Create | Villager (Male) |
| 7:41 | Create | Villager (Male) |
| 7:41 | Create | Villager (Male) |
| 8:02 | Create | Villager (Male) |
| 8:06 | Create | Villager (Male) |
| 8:31 | Create | Villager (Male) |
| 8:58 | Build | House |
| 9:06 | Build | Palisade Wall |
| 9:07 | Create | Villager (Male) |
| 9:14 | Create | Villager (Male) |
| 9:40 | Build | House |
| 9:57 | Build | Mill |
| 10:34 | Create | Villager (Male) |
| 10:35 | Create | Villager (Male) |
| 10:49 | Build | House |
| 11:02 | Create | Villager (Male) |
| 11:05 | Build | Mill |
| 11:12 | Create | Villager (Male) |
| 11:29 | Build | House |
| 11:44 | Build | House |
| 12:11 | Create | Villager (Male) |
| 12:25 | Build | House |
| 12:38 | Research | Feudal Age |
| 12:50 | Build | Mining Camp |
| 13:07 | Build | Palisade Wall |
| 13:09 | Build | Palisade Wall |
| 13:54 | Create | Villager (Male) |
| 14:22 | Build | House |
| 14:51 | Age | Feudal Age |
| 14:53 | Build | Market |
| 14:56 | Build | Blacksmith |
| 15:13 | Create | Villager (Male) |
| 15:33 | Research | Castle Age |
| 15:33 | Research | Castle Age |
| 15:45 | Build | Mining Camp |
| 16:20 | Research | Double-Bit Axe |
| 17:31 | Create | Villager (Male) |
| 17:46 | Create | Villager (Male) |
| 18:08 | Create | Villager (Male) |
| 18:21 | Age | Castle Age |
| 18:29 | Build | Castle |
| 18:31 | Research | Bow Saw |
| 18:40 | Build | Lumber Camp |
| 18:50 | Create | Villager (Male) |
| 19:23 | Build | Farm |
| 19:28 | Create | Villager (Male) |
| 19:33 | Build | Outpost |
| 19:37 | Create | Longbowman |
| 19:37 | Create | Longbowman |
| 19:38 | Create | Villager (Male) |
| 19:49 | Create | Longbowman |
| 19:49 | Create | Longbowman |
| 19:58 | Create | Longbowman |
| 20:04 | Build | Farm |
| 20:06 | Build | Farm |
| 20:07 | Create | Villager (Male) |
| 20:14 | Research | Fletching |
| 20:16 | Create | Villager (Male) |
| 20:31 | Build | Palisade Gate |
| 20:37 | Create | Longbowman |
| 20:38 | Create | Villager (Male) |
| 21:03 | Create | Villager (Male) |
| 21:03 | Create | Villager (Male) |
| 21:12 | Create | Villager (Male) |
| 21:12 | Create | Villager (Male) |
| 21:17 | Create | Longbowman |
| 21:17 | Create | Longbowman |
| 21:25 | Build | Farm |
| 21:26 | Build | Farm |
| 21:46 | Create | Villager (Male) |
| 21:48 | Build | Farm |
| 22:01 | Create | Villager (Male) |
| 22:10 | Build | Farm |
| 22:10 | Build | Farm |
| 22:10 | Build | Farm |
| 22:11 | Build | Farm |
| 22:11 | Build | Farm |
| 22:18 | Build | Farm |
| 22:18 | Build | Farm |
| 22:18 | Build | Farm |
| 22:18 | Build | Farm |
| 22:19 | Create | Villager (Male) |
| 22:22 | Build | Farm |
| 22:43 | Build | Mining Camp |
| 22:43 | Create | Villager (Male) |
| 22:51 | Build | Farm |
| 22:54 | Build | Farm |
| 23:27 | Create | Villager (Male) |
| 23:28 | Create | Longbowman |
| 23:29 | Create | Longbowman |
| 23:33 | Create | Villager (Male) |
| 23:38 | Create | Villager (Male) |
| 23:57 | Build | House |
| 24:01 | Build | Siege Workshop |
| 24:02 | Create | Villager (Male) |
| 24:06 | Create | Longbowman |
| 24:06 | Create | Longbowman |
| 24:07 | Create | Longbowman |
| 24:07 | Create | Longbowman |
| 24:08 | Create | Villager (Male) |
| 24:11 | Build | House |
| 24:17 | Create | Villager (Male) |
| 24:44 | Create | Mangonel |
| 24:53 | Create | Villager (Male) |
| 25:01 | Build | House |
| 25:07 | Research | Bodkin Arrow |
| 25:17 | Create | Longbowman |
| 25:17 | Create | Longbowman |
| 25:21 | Build | Mining Camp |
| 26:27 | Create | Villager (Male) |
| 26:32 | Create | Villager (Male) |
| 26:44 | Create | Longbowman |
| 26:44 | Create | Longbowman |
| 26:46 | Create | Longbowman |
Build order — Dadagama
First 150 of 215 actions detected
| 0:00 | Create | Villager (Male) |
| 0:01 | Create | Villager (Male) |
| 0:01 | Create | Villager (Male) |
| 0:02 | Build | House |
| 0:04 | Build | House |
| 0:15 | Create | Villager (Male) |
| 1:31 | Create | Villager (Male) |
| 1:31 | Create | Villager (Male) |
| 2:05 | Create | Villager (Male) |
| 2:06 | Create | Villager (Male) |
| 2:06 | Create | Villager (Male) |
| 2:46 | Build | Lumber Camp |
| 2:50 | Create | Villager (Male) |
| 2:50 | Create | Villager (Male) |
| 2:50 | Create | Villager (Male) |
| 3:06 | Create | Villager (Male) |
| 3:06 | Create | Villager (Male) |
| 3:41 | Create | Villager (Male) |
| 3:41 | Create | Villager (Male) |
| 3:57 | Build | House |
| 4:21 | Build | House |
| 4:48 | Create | Villager (Male) |
| 4:48 | Create | Villager (Male) |
| 5:08 | Create | Villager (Male) |
| 5:08 | Create | Villager (Male) |
| 5:32 | Build | Mill |
| 6:00 | Build | Palisade Wall |
| 6:01 | Build | Palisade Wall |
| 6:13 | Create | Villager (Male) |
| 6:49 | Create | Villager (Male) |
| 7:23 | Create | Villager (Male) |
| 7:42 | Build | Palisade Wall |
| 7:44 | Build | Palisade Wall |
| 7:53 | Create | Villager (Male) |
| 8:08 | Build | Mining Camp |
| 8:14 | Research | Feudal Age |
| 8:30 | Build | Mining Camp |
| 8:38 | Build | Mining Camp |
| 9:08 | Create | Villager (Male) |
| 9:18 | Create | Villager (Male) |
| 9:19 | Create | Villager (Male) |
| 9:52 | Build | House |
| 10:24 | Create | Villager (Male) |
| 10:31 | Age | Feudal Age |
| 10:56 | Build | Market |
| 11:43 | Build | House |
| 12:06 | Create | Villager (Male) |
| 12:09 | Build | Blacksmith |
| 12:18 | Build | House |
| 12:37 | Create | Villager (Male) |
| 12:57 | Research | Castle Age |
| 13:01 | Build | House |
| 13:03 | Build | House |
| 13:48 | Build | Barracks |
| 13:56 | Build | House |
| 14:43 | Create | Spearman |
| 14:44 | Create | Villager (Male) |
| 14:44 | Create | Villager (Male) |
| 14:48 | Build | Farm |
| 14:58 | Build | Farm |
| 15:00 | Build | Farm |
| 15:03 | Build | Farm |
| 15:28 | Create | Spearman |
| 15:38 | Build | Farm |
| 15:41 | Build | Farm |
| 15:42 | Age | Castle Age |
| 15:43 | Build | Farm |
| 15:51 | Create | Spearman |
| 16:17 | Build | Castle |
| 16:25 | Create | Villager (Male) |
| 16:40 | Build | Siege Workshop |
| 17:27 | Research | Fletching |
| 17:30 | Create | Battering Ram |
| 17:39 | Create | Throwing Axeman |
| 17:39 | Create | Throwing Axeman |
| 18:04 | Create | Throwing Axeman |
| 18:04 | Create | Throwing Axeman |
| 18:26 | Create | Throwing Axeman |
| 18:33 | Build | Farm |
| 18:36 | Build | Farm |
| 19:00 | Create | Mangonel |
| 19:11 | Create | Villager (Male) ×2 |
| 19:17 | Build | Town Center |
| 19:26 | Build | Farm |
| 19:30 | Build | Farm |
| 19:34 | Create | Villager (Male) |
| 19:58 | Create | Villager (Male) ×2 |
| 20:38 | Create | Mangonel |
| 20:50 | Research | Pikeman (upgrade) |
| 20:50 | Create | Spearman |
| 20:58 | Build | Farm |
| 21:02 | Build | Farm |
| 21:03 | Create | Villager (Male) |
| 21:17 | Create | Villager (Male) |
| 21:22 | Build | Farm |
| 21:37 | Create | Villager (Male) |
| 22:05 | Build | Gate |
| 22:11 | Create | Villager (Male) ×3 |
| 22:14 | Research | Loom |
| 22:17 | Build | Farm |
| 22:21 | Build | Farm |
| 22:23 | Research | Double-Bit Axe |
| 22:32 | Create | Spearman |
| 22:32 | Create | Spearman |
| 22:44 | Build | Stone Wall |
| 22:45 | Build | Stone Wall |
| 22:47 | Build | Stone Wall |
| 23:10 | Create | Villager (Male) ×4 |
| 23:13 | Build | Farm |
| 23:16 | Build | Farm |
| 23:19 | Build | Farm |
| 24:59 | Create | Mangonel |
| 25:18 | Create | Villager (Male) ×5 |
| 25:27 | Build | Town Center |
| 25:30 | Create | Villager (Male) ×5 |
| 25:33 | Build | Farm |
| 25:33 | Build | Farm |
| 25:34 | Build | Farm |
| 25:34 | Build | Farm |
| 25:34 | Build | Farm |
| 25:34 | Build | Farm |
| 25:35 | Build | Farm |
| 25:35 | Build | Farm |
| 25:42 | Create | Spearman ×5 |
| 26:19 | Build | Farm |
| 26:22 | Build | Farm |
| 26:27 | Build | Farm |
| 26:44 | Build | Farm |
| 26:55 | Create | Villager (Male) |
| 26:55 | Create | Villager (Male) |
| 27:00 | Create | Villager (Male) |
| 27:00 | Create | Villager (Male) |
| 27:31 | Research | Squires |
| 27:39 | Create | Villager (Male) |
| 27:39 | Create | Villager (Male) |
| 27:39 | Create | Villager (Male) |
| 28:00 | Build | Farm |
| 28:02 | Build | Farm |
| 28:04 | Build | Farm |
| 28:06 | Build | Farm |
| 28:09 | Build | Farm |
| 28:19 | Research | Imperial Age |
| 28:28 | Create | Villager (Male) |
| 28:32 | Research | Wheelbarrow |
| 29:10 | Create | Villager (Male) ×5 |
| 29:12 | Create | Spearman ×5 |
| 29:17 | Create | Throwing Axeman |
| 29:33 | Create | Villager (Male) ×4 |
| 29:37 | Build | University |
| 29:42 | Build | House |
Build order — Gloriosa
First 150 of 417 actions detected
| 0:02 | Create | Villager (Male) |
| 0:02 | Research | Loom |
| 0:07 | Build | House |
| 0:28 | Create | Villager (Male) |
| 0:29 | Create | Villager (Male) |
| 0:29 | Create | Villager (Male) |
| 0:29 | Create | Villager (Male) |
| 0:29 | Create | Villager (Male) |
| 0:30 | Create | Villager (Male) |
| 1:51 | Build | Palisade Wall |
| 2:04 | Build | Palisade Wall |
| 2:17 | Build | Palisade Wall |
| 2:34 | Build | Lumber Camp |
| 2:45 | Build | House |
| 2:47 | Create | Villager (Male) |
| 3:16 | Create | Villager (Male) |
| 3:16 | Create | Villager (Male) |
| 3:16 | Create | Villager (Male) |
| 3:21 | Build | Palisade Wall |
| 3:32 | Build | Palisade Wall |
| 3:36 | Build | Palisade Wall |
| 3:55 | Create | Villager (Male) |
| 3:55 | Create | Villager (Male) |
| 4:19 | Create | Villager (Male) |
| 4:20 | Create | Villager (Male) |
| 4:32 | Build | House |
| 4:47 | Create | Villager (Male) |
| 4:47 | Create | Villager (Male) |
| 5:07 | Create | Villager (Male) |
| 5:07 | Create | Villager (Male) |
| 5:23 | Build | House |
| 5:28 | Build | Palisade Gate |
| 5:49 | Create | Villager (Male) |
| 5:49 | Create | Villager (Male) |
| 5:49 | Create | Villager (Male) |
| 5:50 | Create | Villager (Male) |
| 6:01 | Build | House |
| 6:07 | Build | House |
| 6:21 | Build | Palisade Wall |
| 6:22 | Create | Villager (Male) |
| 6:38 | Create | Villager (Male) |
| 6:38 | Create | Villager (Male) |
| 7:21 | Create | Villager (Male) |
| 7:27 | Build | Mill |
| 7:28 | Build | House |
| 7:32 | Build | House |
| 7:33 | Create | Villager (Male) |
| 7:49 | Create | Villager (Male) |
| 8:05 | Build | Palisade Wall |
| 8:07 | Build | Palisade Wall |
| 8:10 | Create | Villager (Male) |
| 8:28 | Create | Villager (Male) |
| 8:35 | Create | Villager (Male) |
| 8:57 | Build | Farm |
| 9:42 | Build | Palisade Wall |
| 9:43 | Build | Palisade Wall |
| 10:04 | Research | Feudal Age |
| 10:04 | Research | Feudal Age |
| 10:04 | Research | Feudal Age |
| 10:31 | Build | Mining Camp |
| 11:07 | Build | Palisade Wall |
| 11:08 | Build | Palisade Wall |
| 11:09 | Build | Palisade Wall |
| 12:34 | Age | Feudal Age |
| 12:38 | Create | Villager (Male) |
| 12:43 | Build | Blacksmith |
| 13:03 | Build | Palisade Wall |
| 13:04 | Build | Palisade Wall |
| 13:26 | Build | Palisade Wall |
| 13:31 | Build | Market |
| 13:31 | Create | Villager (Male) |
| 14:10 | Research | Castle Age |
| 14:10 | Research | Castle Age |
| 14:10 | Research | Castle Age |
| 14:16 | Build | Palisade Wall |
| 14:18 | Build | Palisade Wall |
| 14:29 | Build | House |
| 14:42 | Build | Palisade Wall |
| 15:02 | Build | Lumber Camp |
| 15:26 | Build | Palisade Wall |
| 15:51 | Build | Palisade Wall |
| 15:51 | Build | Palisade Wall |
| 15:53 | Build | Palisade Wall |
| 16:32 | Build | Palisade Gate |
| 16:50 | Age | Castle Age |
| 16:58 | Build | Monastery |
| 17:03 | Build | Monastery |
| 17:14 | Build | Gate |
| 17:20 | Build | Stone Wall |
| 17:21 | Create | Villager (Male) |
| 17:24 | Build | Farm |
| 17:28 | Build | Town Center |
| 17:30 | Create | Villager (Male) |
| 17:31 | Create | Villager (Male) |
| 17:42 | Build | Stone Wall |
| 17:42 | Build | Stone Wall |
| 17:42 | Build | Stone Wall |
| 17:43 | Build | Stone Wall |
| 17:44 | Build | Stone Wall |
| 17:44 | Build | Stone Wall |
| 17:45 | Build | Stone Wall |
| 17:45 | Build | Stone Wall |
| 17:45 | Build | Stone Wall |
| 17:46 | Build | Stone Wall |
| 17:46 | Build | Stone Wall |
| 17:53 | Create | Villager (Male) |
| 17:57 | Create | Villager (Male) |
| 18:01 | Research | Double-Bit Axe |
| 18:01 | Research | Double-Bit Axe |
| 18:01 | Research | Double-Bit Axe |
| 18:06 | Create | Villager (Male) |
| 18:11 | Build | Stone Wall |
| 18:18 | Create | Villager (Male) |
| 18:25 | Build | Farm |
| 18:25 | Build | Farm |
| 18:29 | Research | Horse Collar |
| 18:30 | Research | Horse Collar |
| 18:30 | Create | Villager (Male) |
| 18:35 | Build | Stone Wall |
| 18:40 | Create | Monk |
| 18:46 | Create | Villager (Male) |
| 18:52 | Build | Stone Wall |
| 18:53 | Create | Villager (Male) |
| 18:55 | Build | Farm |
| 18:56 | Create | Villager (Male) |
| 19:00 | Research | Wheelbarrow |
| 19:01 | Create | Villager (Male) |
| 19:23 | Create | Villager (Male) |
| 19:23 | Create | Villager (Male) |
| 19:26 | Build | Farm |
| 19:40 | Create | Villager (Male) |
| 19:43 | Build | Stone Wall |
| 19:47 | Create | Villager (Male) ×5 |
| 19:49 | Build | Farm |
| 19:54 | Build | Farm |
| 20:14 | Build | Stone Wall |
| 20:19 | Build | Stone Wall |
| 20:19 | Build | Stone Wall |
| 20:20 | Build | Stone Wall |
| 20:20 | Build | Stone Wall |
| 20:20 | Build | Stone Wall |
| 20:21 | Build | Stone Wall |
| 20:28 | Build | Stone Wall |
| 20:29 | Build | Stone Wall |
| 20:34 | Create | Villager (Male) |
| 20:38 | Build | Town Center |
| 20:39 | Create | Villager (Male) |
| 20:39 | Create | Villager (Male) |
| 20:42 | Build | Stone Wall |
| 20:42 | Build | Stone Wall |
Match timeline
| 1:51 | Gloriosa · wall_segment Palisade Wall x9 |
| 2:04 | Gloriosa · wall_segment Palisade Wall x1 |
| 2:17 | Gloriosa · wall_segment Palisade Wall x9 |
| 2:34 | GroomingJewel84 · wall_segment Palisade Wall x1 |
| 2:35 | GroomingJewel84 · wall_segment Palisade Wall x1 |
| 2:37 | GroomingJewel84 · wall_segment Palisade Wall x1 |
| 3:21 | Gloriosa · wall_segment Palisade Wall x1 |
| 3:31 | GroomingJewel84 · wall_segment Palisade Wall x9 |
| 3:32 | Gloriosa · wall_segment Palisade Wall x2 |
| 3:36 | Gloriosa · wall_segment Palisade Wall x1 |
| 3:51 | GroomingJewel84 · wall_segment Palisade Wall x1 |
| 3:53 | GroomingJewel84 · wall_segment Palisade Wall x8 |
| 3:54 | GroomingJewel84 · wall_segment Palisade Wall x1 |
| 3:55 | GroomingJewel84 · wall_segment Palisade Wall x1 |
| 6:00 | Dadagama · wall_segment Palisade Wall x9 |
| 6:01 | Dadagama · wall_segment Palisade Wall x1 |
| 6:18 | Gimli The Dwarf · wall_segment Palisade Wall x1 |
| 6:21 | Gloriosa · wall_segment Palisade Wall x8 |
| 6:33 | Gimli The Dwarf · wall_segment Palisade Wall x1 |
| 6:44 | Gimli The Dwarf · wall_segment Palisade Wall x1 |
| 6:51 | Gimli The Dwarf · wall_segment Palisade Wall x1 |
| 7:42 | Dadagama · wall_segment Palisade Wall x6 |
| 7:44 | Dadagama · wall_segment Palisade Wall x3 |
| 8:05 | Gloriosa · wall_segment Palisade Wall x5 |
| 8:07 | Gloriosa · wall_segment Palisade Wall x4 |
| 8:12 | 小三輪司機 · wall_segment Palisade Wall x5 |
| 8:15 | 小三輪司機 · wall_segment Palisade Wall x8 |
| 8:22 | 小三輪司機 · wall_segment Palisade Wall x7 |
| 9:06 | GroomingJewel84 · wall_segment Palisade Wall x1 |
| 9:42 | Gloriosa · wall_segment Palisade Wall x1 |
| 9:43 | Gimli The Dwarf · wall_segment Palisade Wall x1 |
| 9:43 | Gloriosa · wall_segment Palisade Wall x1 |
| 9:46 | Gimli The Dwarf · wall_segment Palisade Wall x1 |
| 9:51 | Gimli The Dwarf · wall_segment Palisade Wall x1 |
| 9:53 | Gimli The Dwarf · wall_segment Palisade Wall x1 |
| 9:58 | Gimli The Dwarf · wall_segment Palisade Wall x1 |
| 10:08 | Gimli The Dwarf · wall_segment Palisade Wall x1 |
| 10:31 | Dadagama · age_up feudal |
| 10:48 | enzoyin68 · age_up feudal |
| 10:55 | Gimli The Dwarf · age_up feudal |
| 11:07 | Gloriosa · wall_segment Palisade Wall x1 |
| 11:08 | Gloriosa · wall_segment Palisade Wall x1 |
| 11:09 | Gloriosa · wall_segment Palisade Wall x1 |
| 11:48 | 小三輪司機 · age_up feudal |
| 12:27 | [SotC] PerezPodrido · age_up feudal |
| 12:34 | Gloriosa · age_up feudal |
| 13:03 | Gloriosa · wall_segment Palisade Wall x1 |
| 13:04 | Gloriosa · wall_segment Palisade Wall x1 |
| 13:07 | GroomingJewel84 · wall_segment Palisade Wall x1 |
| 13:09 | GroomingJewel84 · wall_segment Palisade Wall x4 |
| 13:26 | Gloriosa · wall_segment Palisade Wall x1 |
| 13:48 | Dadagama · first_building Barracks |
| 14:03 | Gimli The Dwarf · first_market_buy 100 stone |
| 14:03 | enzoyin68 · age_up castle |
| 14:16 | Gloriosa · wall_segment Palisade Wall x1 |
| 14:18 | Gloriosa · wall_segment Palisade Wall x1 |
| 14:28 | Gimli The Dwarf · age_up castle |
| 14:30 | EL MAYA · age_up feudal |
| 14:42 | Gloriosa · wall_segment Palisade Wall x1 |
| 14:51 | GroomingJewel84 · age_up feudal |
| 15:26 | Gloriosa · wall_segment Palisade Wall x1 |
| 15:42 | Dadagama · age_up castle |
| 15:51 | Gloriosa · wall_segment Palisade Wall x1 |
| 15:51 | Gloriosa · wall_segment Palisade Wall x1 |
| 15:53 | Gloriosa · wall_segment Palisade Wall x1 |
| 16:02 | [SotC] PerezPodrido · age_up castle |
| 16:03 | [SotC] PerezPodrido · first_building Siege Workshop |
| 16:07 | [SotC] PerezPodrido · first_building Monastery |
| 16:13 | 小三輪司機 · age_up castle |
| 16:17 | Dadagama · first_building Castle |
| 16:40 | Dadagama · first_building Siege Workshop |
| 16:40 | 小三輪司機 · first_building Monastery |
| 16:44 | Gimli The Dwarf · first_building Monastery |
| 16:50 | Gloriosa · age_up castle |
| 16:58 | Gloriosa · first_building Monastery |
| 17:20 | Gloriosa · wall_segment Stone Wall x1 |
| 17:26 | GroomingJewel84 · first_market_buy 100 stone |
| 17:42 | Gloriosa · wall_segment Stone Wall x1 |
| 17:42 | Gloriosa · wall_segment Stone Wall x1 |
| 17:42 | Gloriosa · wall_segment Stone Wall x1 |
| 17:43 | Gloriosa · wall_segment Stone Wall x1 |
| 17:44 | Gloriosa · wall_segment Stone Wall x1 |
| 17:44 | Gloriosa · wall_segment Stone Wall x1 |
| 17:45 | Gloriosa · wall_segment Stone Wall x1 |
| 17:45 | Gloriosa · wall_segment Stone Wall x1 |
| 17:45 | Gloriosa · wall_segment Stone Wall x1 |
| 17:46 | Gloriosa · wall_segment Stone Wall x1 |
| 17:46 | Gloriosa · wall_segment Stone Wall x1 |
| 18:11 | Gloriosa · wall_segment Stone Wall x8 |
| 18:21 | Gloriosa · first_market_buy 100 stone |
| 18:21 | GroomingJewel84 · age_up castle |
| 18:29 | GroomingJewel84 · first_building Castle |
| 18:35 | Gloriosa · wall_segment Stone Wall x1 |
| 18:51 | enzoyin68 · first_building Monastery |
| 18:51 | EL MAYA · age_up castle |
| 18:52 | Gloriosa · wall_segment Stone Wall x9 |
| 19:16 | 小三輪司機 · first_market_buy 100 stone |
| 19:25 | EL MAYA · wall_segment Stone Wall x8 |
| 19:34 | EL MAYA · wall_segment Stone Wall x8 |
| 19:43 | Gloriosa · wall_segment Stone Wall x2 |
| 19:51 | EL MAYA · wall_segment Stone Wall x4 |
| 19:54 | 小三輪司機 · wall_segment Stone Wall x7 |
| 20:00 | EL MAYA · wall_segment Stone Wall x5 |
| 20:14 | Gloriosa · wall_segment Stone Wall x2 |
| 20:19 | Gloriosa · wall_segment Stone Wall x1 |
| 20:19 | Gloriosa · wall_segment Stone Wall x1 |
| 20:20 | Gloriosa · wall_segment Stone Wall x1 |
| 20:20 | Gloriosa · wall_segment Stone Wall x1 |
| 20:20 | Gloriosa · wall_segment Stone Wall x1 |
| 20:21 | Gloriosa · wall_segment Stone Wall x1 |
| 20:28 | Gloriosa · wall_segment Stone Wall x3 |
| 20:29 | Gloriosa · wall_segment Stone Wall x1 |
| 20:40 | enzoyin68 · first_market_sell 100 wood |
| 20:42 | Gloriosa · wall_segment Stone Wall x1 |
| 20:42 | Gloriosa · wall_segment Stone Wall x1 |
| 21:06 | Gloriosa · wall_segment Stone Wall x1 |
| 21:06 | Gloriosa · wall_segment Stone Wall x1 |
| 21:25 | EL MAYA · first_building Siege Workshop |
| 21:40 | [SotC] PerezPodrido · first_market_buy 100 food |
| 21:41 | [SotC] PerezPodrido · first_market_sell 100 wood |
| 22:44 | Dadagama · wall_segment Stone Wall x1 |
| 22:45 | Dadagama · wall_segment Stone Wall x1 |
| 22:47 | Dadagama · wall_segment Stone Wall x1 |
| 22:51 | enzoyin68 · first_building Barracks |
| 23:58 | 小三輪司機 · first_building Castle |
| 24:01 | GroomingJewel84 · first_building Siege Workshop |
| 24:09 | enzoyin68 · first_building Stable |
| 24:26 | Gloriosa · wall_segment Stone Wall x1 |
| 24:28 | enzoyin68 · first_building Castle |
| 24:29 | Gloriosa · wall_segment Stone Wall x9 |
| 24:31 | Gloriosa · wall_segment Stone Wall x1 |
| 24:35 | Gimli The Dwarf · first_building Siege Workshop |
| 24:48 | EL MAYA · first_building Castle |
| 25:28 | enzoyin68 · first_market_buy 100 wood |
| 25:45 | Gloriosa · wall_segment Stone Wall x4 |
| 25:47 | Gloriosa · wall_segment Stone Wall x4 |
| 26:07 | [SotC] PerezPodrido · first_building Castle |
| 26:22 | Gimli The Dwarf · first_building Barracks |
| 26:26 | 小三輪司機 · first_building Siege Workshop |
| 26:36 | Gimli The Dwarf · first_building Castle |
| 27:02 | [SotC] PerezPodrido · first_building Barracks |
| 27:13 | EL MAYA · wall_segment Stone Wall x1 |
| 27:16 | Gimli The Dwarf · first_building Stable |
| 27:17 | Gimli The Dwarf · first_building Archery Range |
| 27:36 | 小三輪司機 · first_building Barracks |
| 28:25 | Gimli The Dwarf · first_market_sell 100 food |
| 28:34 | Gimli The Dwarf · age_up imperial |
| 28:45 | 小三輪司機 · first_building Stable |
| 28:46 | Gloriosa · first_building Barracks |
| 29:02 | [SotC] PerezPodrido · age_up imperial |
| 29:47 | Gloriosa · first_building Archery Range |
| 30:03 | enzoyin68 · age_up imperial |
| 30:35 | 小三輪司機 · age_up imperial |
| 30:49 | EL MAYA · wall_segment Stone Wall x1 |
| 30:52 | GroomingJewel84 · wall_segment Stone Wall x5 |
| 30:57 | GroomingJewel84 · wall_segment Stone Wall x4 |
| 31:13 | GroomingJewel84 · age_up imperial |
| 31:29 | Dadagama · age_up imperial |
| 31:45 | Gloriosa · age_up imperial |
| 32:23 | GroomingJewel84 · wall_segment Stone Wall x1 |
| 32:28 | GroomingJewel84 · wall_segment Stone Wall x1 |
| 32:31 | GroomingJewel84 · wall_segment Stone Wall x1 |
| 32:39 | EL MAYA · first_market_buy 100 stone |
| 32:46 | Dadagama · first_building Stable |
| 33:12 | GroomingJewel84 · wall_segment Stone Wall x1 |
| 34:17 | enzoyin68 · tribute_sent a jugador 1 |
| 34:17 | enzoyin68 · tribute_sent a jugador 2 |
| 34:17 | enzoyin68 · tribute_sent a jugador 3 |
| 34:17 | enzoyin68 · tribute_sent a jugador 4 |
| 34:17 | enzoyin68 · tribute_sent a jugador 6 |
| 34:17 | enzoyin68 · tribute_sent a jugador 7 |
| 34:17 | enzoyin68 · tribute_sent a jugador 8 |
| 34:19 | Gimli The Dwarf · wall_segment Stone Wall x1 |
| 34:39 | EL MAYA · first_building Barracks |
| 34:41 | 小三輪司機 · first_market_sell 100 wood |
| 34:43 | Gimli The Dwarf · wall_segment Stone Wall x1 |
| 34:46 | Gimli The Dwarf · wall_segment Stone Wall x1 |
| 34:52 | Gimli The Dwarf · wall_segment Stone Wall x1 |
| 35:00 | Gimli The Dwarf · wall_segment Stone Wall x1 |
| 35:01 | Gimli The Dwarf · wall_segment Stone Wall x1 |
| 35:16 | Gimli The Dwarf · wall_segment Stone Wall x1 |
| 35:23 | 小三輪司機 · wall_segment Stone Wall x10 |
| 35:25 | 小三輪司機 · wall_segment Stone Wall x10 |
| 35:26 | Gloriosa · first_building Stable |
| 35:42 | Gimli The Dwarf · wall_segment Stone Wall x1 |
| 36:07 | Gloriosa · first_building Castle |
| 36:31 | enzoyin68 · tribute_sent a jugador 1 |
| 36:31 | enzoyin68 · tribute_sent a jugador 2 |
| 36:31 | enzoyin68 · tribute_sent a jugador 3 |
| 36:31 | enzoyin68 · tribute_sent a jugador 4 |
| 36:31 | enzoyin68 · tribute_sent a jugador 6 |
| 36:31 | enzoyin68 · tribute_sent a jugador 7 |
| 36:31 | enzoyin68 · tribute_sent a jugador 8 |
| 37:15 | Dadagama · wall_segment Stone Wall x12 |
| 37:31 | [SotC] PerezPodrido · wall_segment Stone Wall x1 |
| 37:31 | Gloriosa · first_building Siege Workshop |
| 38:02 | 小三輪司機 · wall_segment Stone Wall x1 |
| 38:04 | 小三輪司機 · wall_segment Stone Wall x9 |
| 38:10 | EL MAYA · age_up imperial |
| 38:43 | Gimli The Dwarf · resign |
[ AI ANALYSIS · 1 CREDIT ]
What really happened in this match?
Wolo.gg analyzes every decision: build order, eco, micro, common mistakes by bracket. Personalized analysis on WhatsApp or Discord in 30 seconds.
Civ guide
Maya
Perfil
EL MAYA